 Dungeon Crawl Stone Soup version 0.31.0-11-ge490571c62 (webtiles) character file.

Game seed: 2482692437070107530

93 qw the Shooter (level 4, -6/25 HPs)
             Began as a Deep Elf Hunter on Feb 4, 2024.
             Mangled by a gnoll
             ... wielding a +0 halberd
              (11 damage)
             ... on level 3 of the Dungeon.
             The game lasted 00:00:05 (1906 turns).

qw the Shooter (Deep Elf Hunter)                    Turns: 1906, Time: 00:00:06

Health: -6/25      AC:  7    Str: 10    XL:     4   Next: 37%
Magic:  6/6        EV:  9    Int: 14    God:
Gold:   103        SH:  0    Dex: 18    Spells: 3/3 levels left

rFire   . . .        a - +0 shortbow
rCold   . . .        (shield currently unavailable)
rNeg    + . .        g - +0 scale mail
rPois   .            l - +0 helmet
rElec   .            (no cloak)
rCorr   .            (no gloves)
SInv    .            (no boots)
Will    .....        (no amulet)
Stlth   +            f - ring of positive energy
HPRegen 0.24/turn    (no ring)
MPRegen 0.10/turn

%: no passive effects
@: no status effects
A: no striking features
a: no special abilities


You were on level 3 of the Dungeon.
You visited 1 branch of the dungeon, and saw 3 of its levels.

You collected 103 gold pieces.


   Skills:
 - Level 1.5 Fighting
 + Level 7.8 Ranged Weapons
 - Level 2.4 Dodging
 - Level 1.2 Stealth


You had 3 spell levels left.
You didn't know any spells.
Your spell library was empty.

Inventory:

Hand Weapons
 a - a +0 shortbow (weapon)
Armour
 g - a +0 scale mail (worn)
 l - a +0 helmet (worn)
Jewellery
 f - a ring of positive energy (left hand)
Wands
 j - a wand of digging (5)
Potions
 d - 2 potions of haste

Dungeon Overview and Level Annotations

Branches:
Dungeon (3/15)

Altars:


Message History

You flicker for a moment.
There is a stone staircase leading up here.
You flicker back into view.
You see here a +0 dagger.
There is a stone staircase leading down here.
You climb downwards.
There is a stone staircase leading up here.
Waypoint 2 assigned to D:3.
A gnoll comes into view. It is wielding a +0 halberd.
The gnoll shouts!
You shoot an arrow. The arrow closely misses the gnoll.
You shoot an arrow. The arrow barely misses the gnoll.
A gnoll comes into view. It is wielding a +0 halberd.
You shoot an arrow. The gnoll shouts!
The arrow hits the gnoll!
The gnoll is almost dead.
A gnoll comes into view. It is wielding a +0 spear.
You shoot an arrow. The gnoll shouts!
The arrow hits the gnoll.
You kill the gnoll!
You shoot an arrow. The arrow barely misses the gnoll.
The arrow hits the gnoll!
The gnoll is severely wounded.
You shoot an arrow. The arrow hits the gnoll.
The gnoll is lightly wounded.
The gnoll barely misses you.
You shoot an arrow. The arrow hits the gnoll.
The gnoll is lightly wounded.
The gnoll hits you from afar with a +0 halberd!
You shoot an arrow. The arrow hits the gnoll.
The gnoll is severely wounded.
The gnoll hits you from afar with a +0 halberd.
The gnoll misses you.
You shoot an arrow. The arrow hits the gnoll!
You kill the gnoll!
The gnoll hits you from afar with a +0 halberd!
You shoot an arrow. The arrow barely misses the gnoll.
The gnoll hits you from afar with a +0 halberd!
You die...

#+ #. #. ##.##
##...##
#.....####
#......).####
#.#.#@.g.....
#####.#..###.####
.........# .#
####.#.####.#
#........##
###.##.<..#
#.##.##.# #.##.#
# #.##.#


You could see a gnoll.

Vanquished Creatures
  2 gnolls (D:3)
  3 adders (D:2)
  A dart slug (D:2)
  2 ribbon worms (D:2)
  5 ball pythons
  4 bats
  3 endoplasms (D:2)
  A goblin (D:1)
  3 hobgoblins
  3 jackals (D:1)
  4 kobolds
  4 quokkas
  4 rats
39 creatures vanquished.

Notes
Turn   | Place    | Note
-------+----------+-------------------------------------------
     0 | D:1      | qw the Deep Elf Hunter began the quest for the Orb.
     0 | D:1      | Reached XP level 1. HP: 12/12 MP: 3/3
     0 | D:1      | 0 ||| qw: Version: 0.3-a-160-g6735b56
     0 | D:1      | 0 ||| qw: Game counter: 5073
     0 | D:1      | 0 ||| qw: Melee chars always use a shield: true
     0 | D:1      | 0 ||| qw: God list: Okawaru
     0 | D:1      | 0 ||| qw: Allow faded altars: false
     0 | D:1      | 0 ||| qw: Do Orc after clearing Dungeon:15 true
     0 | D:1      | 0 ||| qw: Do second Lair branch before Depths: true
     0 | D:1      | 0 ||| qw: Lair rune preference: random
     0 | D:1      | 0 ||| qw: Goals: Normal
     0 | D:1      | 0 ||| PLANNING D:1-11
   545 | D:1      | Reached XP level 2. HP: 16/16 MP: 4/4
   567 | D:1      | Reached skill level 6 in Ranged Weapons
   681 | D:1      | 681 ||| UPGRADING to +0 scale mail.
   685 | D:1      | 685 ||| UPGRADING to +0 scale mail.
   695 | D:1      | 695 ||| DROPPING +0 leather armour.
  1019 | D:1      | 1019 ||| UPGRADING to ring of positive energy.
  1020 | D:1      | 1020 ||| READING scroll labelled WINGYKHEOMI.
  1021 | D:1      | 1021 ||| READING scroll labelled BIAZXOK IGOM.
  1021 | D:1      | 1021 ||| IDENTIFYING 2 viscous coppery potions
  1022 | D:1      | 1022 ||| DROPPING scroll of butterflies.
  1063 | D:2      | Reached XP level 3. HP: 20/20 MP: 5/5
  1286 | D:2      | Reached skill level 7 in Ranged Weapons
  1704 | D:2      | Reached XP level 4. HP: 10/25 MP: 6/6
  1835 | D:2      | 1835 ||| UPGRADING to +0 helmet.
  1840 | D:2      | 1840 ||| READING 2 scrolls of identify.
  1840 | D:2      | 1840 ||| IDENTIFYING blue potion
  1841 | D:2      | 1841 ||| READING scroll of identify.
  1841 | D:2      | 1841 ||| IDENTIFYING viscous cyan potion
  1842 | D:2      | 1842 ||| READING scroll labelled MUIROW NYZE.
  1845 | D:2      | 1845 ||| READING scroll labelled HEACWI VALY.
  1846 | D:2      | 1846 ||| DRINKING 2 murky clear potions.
  1847 | D:2      | 1847 ||| DRINKING ruby potion.
  1851 | D:2      | 1851 ||| DROPPING potion of ambrosia.
  1852 | D:2      | 1852 ||| DROPPING potion of magic.
  1853 | D:2      | 1853 ||| DROPPING potion of attraction.
  1905 | D:3      | HP: 4/25 [gnoll/+0 halberd (7)]
  1906 | D:3      | Mangled by a gnoll

Levels and vault maps discovered:
D:1:      dpeg_arrival_castle, layout_basic, serial_forest,
          infiniplex_forest_clump_long, infiniplex_forest_straight_2,
          infiniplex_forest_lined_corner, infiniplex_forest_end_double,
          infiniplex_forest_clump_diagonal, infiniplex_forest_lined_1,
          infiniplex_forest_end_double, infiniplex_forest_clump_diagonal,
          infiniplex_forest_fountain, hangedman_glass_teeth
D:2:      layout_loops_ring
D:3:      layout_loops_corners, ebering_ecumenical_altar_petrified,
          uniq_terence, uniq_jessica

Skill      XL: |  1  2  3 |
---------------+----------+-----
Ranged Weapons | 6 7 |  7.8
Fighting       | |  1.5
Dodging        | |  2.4
Stealth        | |  1.2

Action                     |  1- 3 |  4- 6 || total
---------------------------+-------+-------++-------
   Fire: Shortbow          |   107 |    10 ||   117
    Use: Scroll            |     2 |     4 ||     6
         Potion            |       |     2 ||     2
 Armour: Scale mail        |    33 |     4 ||    37
         Leather armour    |     4 |       ||     4
  Dodge: Dodged            |    28 |     2 ||    30

Table legend:
 A = Non-vault XP
 B = Vault XP
 C = Vault XP percentage of total XP
 D = Non-vault monster count
 E = Vault monster count
 F = Vault count percentage of total count
                 A         B        C        D         E       F
            +---------+---------+-------+---------+---------+-------
      Total |     134 |       0 |   0.0 |      39 |       0 |   0.0
            +---------+---------+-------+---------+---------+-------
        D:1 |      26 |       0 |   0.0 |      15 |       0 |   0.0
        D:2 |      80 |       0 |   0.0 |      22 |       0 |   0.0
        D:3 |      28 |       0 |   0.0 |       2 |       0 |   0.0
            +---------+---------+-------+---------+---------+-------
